 Dungeon Crawl Stone Soup version 0.26.1-15-g04117e645d (webtiles) character file.

Game seed: 9349494171834583227

3243 suipiss the Thaumaturge (level 9, 0/59 HPs)
             Began as a Mummy Hedge Wizard on Dec 29, 2022.
             Was a Follower of Ashenzari.
             Killed by divine providence
             ... invoked by an orc priest
              (8 damage)
             ... on level 9 of the Dungeon.
             The game lasted 00:16:56 (9262 turns).

suipiss the Thaumaturge (Mummy Hedge Wizard)        Turns: 9262, Time: 00:16:57

Health: 0/59       AC:  5    Str: 14    XL:     9   Next: 67%
Magic:  31/31      EV: 14    Int: 16    God:    Ashenzari [*.....]
Gold:   451        SH:  5    Dex: 11    Spells: 20/27 levels left

rFire    . . .     SeeInvis .   k - +8 arc blade {discharge, rElec}
rCold    + . .     Faith    .   (no shield)
rNeg     + + +     Spirit   .   b - +0 robe
rPois    ∞         Reflect  +   c - +1 hat (curse)
rElec    +         Harm     .   u - +0 cloak {Stlth+}
rCorr    .         Rampage  .   s - +0 pair of gloves (curse)
Will     +....                  (no boots)
Stlth    ++........             t - amulet of reflection (curse)
HPRegen  0.19/turn              o - ring of protection from fire
MPRegen  0.22/turn              p - ring of magical power (curse)

@: no status effects
A: no potions, fire vulnerability, cold resistance 1, negative energy resistance
3, torment resistance, unbreathing
a: Renounce Religion, Curse Item, Scrying


You were on level 9 of the Dungeon.
You worshipped Ashenzari.
Ashenzari was aware of your devotion.
You visited 2 branches of the dungeon, and saw 10 of its levels.
You also visited: Ossuary.

You collected 651 gold pieces.
You spent 200 gold pieces at shops.

Inventory:

Hand Weapons
 f - a +2 spear of freezing
 k - the +8 arc blade (weapon) {discharge, rElec}
   (You found it on level 4 of the Dungeon)

   It insulates you from electricity.
Armour
 a - a +2 kite shield
 b - a +0 robe (worn)
 c - a cursed +1 hat (worn)
 s - a cursed +0 pair of gloves (worn)
 u - a +0 cloak of stealth (worn)
Jewellery
 e - an uncursed ring of flight
 j - the amulet of the Suburbs {Reflect *Slow rF+ SH+5 SInv}
   (You found it on level 7 of the Dungeon)

   [amulet of reflection]

   It shields you and reflects attacks.
   It protects you from fire.
   It lets you see invisible.
   It may slow you when you take damage.
   It affects your SH (+5).
 o - a ring of protection from fire (left hand)
 p - a cursed ring of magical power (right hand)
 r - an uncursed ring of ice
 t - a cursed amulet of reflection (around neck)
Wands
 m - a wand of random effects (14)
 n - a wand of acid (4)
 q - a wand of iceblast (14)
 v - a wand of disintegration (15)
 x - a wand of polymorph (9)
Scrolls
 d - 4 scrolls of fog
 g - 7 scrolls of identify
 h - a scroll of amnesia
 i - 4 scrolls of teleportation
 w - a scroll of brand weapon {unknown}


   Skills:
 + Level 1.2 Fighting
 + Level 1.0 Short Blades
 - Level 2.0 Armour
 + Level 4.5 Dodging
 - Level 1.5 Stealth
 - Level 3.2 Shields
 * Level 9.8 Spellcasting
 * Level 4.5 Conjurations
 - Level 2.5 Hexes
 - Level 3.6 Summonings
 - Level 3.1 Translocations


You had 20 spell levels left.
You knew the following spells:

 Your Spells              Type           Power        Failure   Level
a - Magic Dart            Conj           88%          1%          1
b - Call Imp              Summ           19%          3%          2
c - Blink                 Tloc           N/A          3%          2
d - Slow                  Hex            16%          4%          2

Your spell library contained the following spells:

 Spells                   Type           Power        Failure   Level
 Searing Ray              Conj           44%          2%          2
 Dazzling Flash           Conj/Hex       38%          7%          3
 Conjure Flame            Conj/Fire      15%          11%         3
 Mephitic Cloud           Conj/Pois/Air  12%          16%         3
 Iskenderun's Mystic Bla  Conj/Tloc      20%          19%         4
 Fulminant Prism          Conj/Hex       9%           22%         4
 Beastly Appendage        Tmut           Unusable     N/A         1
 Wereblood                Tmut           Unusable     N/A         2
 Spider Form              Tmut/Pois      Unusable     N/A         3
 Ice Form                 Ice/Tmut       Unusable     N/A         4
 Blade Hands              Tmut           Unusable     N/A         5

Dungeon Overview and Level Annotations

Branches:
Dungeon (9/15)             Temple (1/1) D:5         Ossuary (visited)
   Lair: D:8-11         Orc: D:9-12

Altars:
Ashenzari
Cheibriados
Dithmenos
Elyvilon
Fedhas
Gozag
Kikubaaqudgha
Makhleb
Nemelex Xobeh
Okawaru
Qazlal
Ru
Sif Muna
Trog
Uskayaw
Vehumet
Wu Jian
Xom
Yredelemnul
Zin
The Shining One

Shops:
D:5 =


Innate Abilities, Weirdness & Mutations

You do not drink.
Your flesh is vulnerable to fire.
You are immune to poison.
Your flesh is cold resistant. (rC+)
You are immune to negative energy. (rN+++)
You are immune to unholy pain and torment.
You can survive without breathing.


Message History

You are too injured to fight recklessly!
You are too injured to fight recklessly!
You are too injured to fight recklessly!
You puncture the warg!
The warg is heavily wounded.
The warg bites you! The warg closely misses you.
You hit the warg.
The warg is heavily wounded.
The warg bites you!
* * * LOW HITPOINT WARNING * * *
You can't drink.
As you read the scroll of fear, it crumbles to dust.
You assume a fearsome visage.
The warg looks frightened!
The orc looks frightened!
An orc priest comes into view.
An orc priest comes into view. It is wielding a +0 club.
The orc priest shouts!
You hear a shout!
The orc priest invokes the aid of Beogh against you.
Beogh smites you!
You die...

#..# #####.##
##.# #.......
#####.###
#.<.....
..#.....#
#.......
#.#.....#####
#..###..
#.#.........#
#### ##
#.#.....#####
#.......#
###..@..#
###.####
#...# #†###
oh....o....#
..###.o....#
........#
#.#......#
###......#


You could see 2 orc priests.

Vanquished Creatures
  Pikel (D:7)
  Joseph (D:7)
  A wyvern (D:8)
  A warg (D:9)
  An ogre (D:6)
  Duvessa (D:6)
  2 ice beasts (D:8)
  A phantom (D:8)
  3 centaurs
  A lemure (D:7)
  A big kobold (D:8)
  2 bullfrogs (D:7)
  Dowan (D:6)
  2 scorpions
  7 wights
  A howler monkey (D:4)
  3 centaur zombies (Ossuary)
  A quasit (D:7)
  2 orc wizards
  Crazy Yiuf (D:7)
  An orc priest (D:3)
  A centaur skeleton (D:4)
  An iguana (D:8)
  4 worker ants
  A killer bee zombie (D:8)
  4 big kobold zombies (Ossuary)
  A hound zombie (D:5)
  2 hound skeletons (D:5)
  6 mummies (Ossuary)
  A worker ant zombie (D:8)
  3 gnolls (D:8)
  6 adders
  2 shadow imps
  4 white imps
  An ufetubus (D:7)
  An ooze (D:7)
  A worm (D:4)
  A dart slug (D:4)
  A leopard gecko (D:8)
  15 orcs
  A ball python (D:4)
  6 bats
  4 giant cockroaches
  3 goblins (D:1)
  5 hobgoblins
  A quokka (D:8)
  2 frilled lizards
  13 kobolds
  2 leopard gecko zombies
  9 rats
137 creatures vanquished.

Vanquished Creatures (collateral kills)
  A scorpion (D:4)
  A worker ant (D:4)
  A big kobold zombie (Ossuary)
  2 adders (D:2)
  2 orcs (D:3)
  A goblin (D:3)
  A hobgoblin (D:3)
  3 jackals (D:3)
  A quokka (D:2)
  A hobgoblin zombie (Ossuary)
  A rat (D:2)
15 creatures vanquished.

Vanquished Creatures (others)
  A human (D:4)
1 creature vanquished.

Grand Total: 153 creatures vanquished

Notes
Turn   | Place    | Note
-------+----------+-------------------------------------------
     0 | D:1      | suipiss the Mummy Hedge Wizard began the quest for the Orb.
     0 | D:1      | Reached XP level 1. HP: 13/13 MP: 5/5
   212 | D:1      | Reached skill level 1 in Translocations
   341 | D:1      | Reached XP level 2. HP: 19/19 MP: 4/7
   354 | D:1      | Learned a level 2 spell: Call Imp
   357 | D:1      | Learned a level 2 spell: Blink
   360 | D:1      | Learned a level 2 spell: Slow
   425 | D:1      | Reached skill level 1 in Conjurations
  1169 | D:2      | Reached skill level 1 in Summonings
  1169 | D:2      | Reached XP level 3. HP: 20/24 MP: 5/8
  2173 | D:2      | Found a radiant altar of Vehumet.
  2470 | D:3      | Reached skill level 1 in Armour
  2470 | D:3      | Reached XP level 4. HP: 30/30 MP: 6/10
  2717 | D:3      | Found a blossoming altar of Fedhas.
  2722 | D:3      | Found a stormy altar of Qazlal.
  3134 | D:4      | Reached XP level 5. HP: 26/35 MP: 10/12
  3287 | D:4      | Found an ancient bone altar of Kikubaaqudgha.
  3289 | D:4      | Noticed a human
  3290 | D:4      | Killed a human
  3481 | D:4      | Reached skill level 5 in Spellcasting
  3762 | D:4      | Found the +8 arc blade {discharge, rElec}
  3996 | D:4      | Reached skill level 1 in Shields
  3996 | D:4      | Reached skill level 1 in Hexes
  4231 | D:5      | Entered Level 5 of the Dungeon
  4238 | D:5      | Found a staircase to the Ecumenical Temple.
  4290 | Temple   | Entered the Ecumenical Temple
  4548 | Temple   | Became a worshipper of Ashenzari the Shackled
  4598 | D:5      | Reached XP level 6. HP: 40/41 MP: 13/13
  4618 | D:5      | Found a sacrificial altar of Ru.
  5170 | D:5      | Found Zego Maomm's Jewellery Emporium.
  5175 | D:5      | Bought an uncursed ring of magical power for 200 gold
                  | pieces
  5556 | D:6      | Found a shadowy altar of Dithmenos.
  5630 | D:6      | Found a sand-covered staircase.
  5638 | Ossuary  | Entered an ossuary
  5913 | Ossuary  | Reached XP level 7. HP: 46/46 MP: 15/15
  5957 | Ossuary  | Reached skill level 6 in Spellcasting
  6315 | D:6      | Noticed Duvessa
  6317 | D:6      | Noticed Dowan
  6321 | D:6      | Killed Duvessa
  6321 | D:6      | Killed Dowan
  6838 | D:7      | Noticed Joseph
  6846 | D:7      | Reached XP level 8. HP: 27/52 MP: 17/17
  7110 | D:7      | Killed Joseph
  7111 | D:7      | Reached skill level 7 in Spellcasting
  7452 | D:7      | Reached * piety under Ashenzari
  7470 | D:7      | Found a sacrificial altar of Ru.
  7584 | D:7      | Noticed Pikel
  7592 | D:7      | Killed Pikel
  7593 | D:7      | Reached skill level 8 in Spellcasting
  7593 | D:7      | Reached XP level 9. HP: 29/57 MP: 21/21
  7748 | D:7      | Identified the amulet of the Suburbs {Reflect *Slow rF+
                  | SH+5 SInv}
  7822 | D:7      | Found a runed translucent door.
  7823 | D:7      | Noticed Crazy Yiuf
  7882 | D:7      | Killed Crazy Yiuf
  8167 | D:8      | Reached skill level 9 in Spellcasting
  9196 | D:9      | Reached skill level 1 in Fighting
  9251 | D:9      | Reached skill level 1 in Short Blades
  9262 | D:9      | Killed from afar by an orc priest

Illustrated notes

Levels and vault maps discovered:
D:1:      mainiacjoe_arrival_reflecting_pool, layout_rooms
D:2:      layout_loops_cross, lemuel_coloured_pillars_altar
D:3:      layout_rooms, lemuel_doored_altar, nrook_mini_vaults,
          minmay_misc_feat_room, minivault_26, fedhas_altar_1
D:4:      layout_basic, tgw_kikubaaqudgha
D:5:      layout_basic, lemuel_crystal_altar, temple_pool_b, serial_shops,
          nicolae_shop_stone, kennysheep_cross_bottleneck, kennysheep_dice
D:6:      layout_rooms, nicolae_ossuary_entry_plus,
          nicolae_dithmenos_through_a_glass_darkly, uniq_duvessa
D:7:      layout_cave_pools, nicolae_ru_the_path_less_chosen, uniq_pikel,
          uniq_crazy_yiuf_cottage, uniq_joseph
D:8:      layout_basic
D:9:      layout_roguey, marbit_many_paths, erik_lair_orcish_takeover,
          david_orc_1_choice
Temple:   dpeg_five_rooms_temple

Skill      XL: |  1  2  3  4  5  6  7  8  9 |
---------------+----------------------------+-----
Translocations | 1 2 3 |  3.1
Conjurations   | 1 2 3 4 |  4.5
Summonings     | 1 2 3 |  3.6
Armour         | 1 2 |  2.0
Dodging        | 2 3 4 |  4.5
Spellcasting   | 5 6 8 9 |  9.8
Shields        | 1 2 3 |  3.2
Hexes          | 1 2 |  2.5
Fighting       | 1 |  1.2
Short Blades   | 1 |  1.0
Stealth        | |  1.5

Action                   |  1- 3 |  4- 6 |  7- 9 || total
-------------------------+-------+-------+-------++-------
Melee: Dagger            |     8 |       |       ||     8
       Hand axe          |    77 |       |       ||    77
       Spear             |     5 |    56 |       ||    61
       Rapier            |       |    55 |   141 ||   196
 Cast: Magic Dart        |    41 |     1 |       ||    42
       Call Imp          |    11 |    13 |    15 ||    39
       Slow              |       |       |     3 ||     3
Invok: Curse Item        |       |     3 |     1 ||     4
Evoke: Wand              |       |     2 |     5 ||     7
  Use: Scroll            |     8 |     2 |     3 ||    13
 Stab: Sleeping          |     1 |     3 |     4 ||     8
       Distracted        |       |     2 |       ||     2
Armor: Robe              |    23 |    16 |    26 ||    65
Dodge: Dodged            |    73 |    65 |    67 ||   205
Block: Other             |       |       |    18 ||    18
